 Dungeon Crawl Stone Soup version 0.32-a0-450-g080537f31e (webtiles) character file.

Game seed: 6898938520453183535

4335 retardedninja the Cleaver (level 10, -4/81 HPs)
             Began as a Mountain Dwarf Fighter on Feb 22, 2024.
             Was an Elder of Cheibriados.
             Slain by a wyvern (6 damage)
             ... on level 8 of the Dungeon on Feb 23, 2024.
             The game lasted 00:11:24 (7895 turns).

retardedninja the Cleaver (Mountain Dwarf Fighter)  Turns: 7895, Time: 00:11:24

Health: -4/81      AC: 15    Str: 31    XL:     10   Next: 12%
Magic:  10/10      EV:  9    Int: 19    God:    Cheibriados [****..]
Gold:   485        SH: 12    Dex: 24    Spells: 9/9 levels left

rFire   + . .        a - +0 war axe (heavy)
rCold   + . .        c - +0 buckler
rNeg    . . .        o - +0 chain mail
rPois   .            (no helmet)
rElec   .            (no cloak)
rCorr   .            r - +0 pair of gloves
SInv    .            s - +2 pair of boots
Will    +....        k - amulet of reflection Stlth
                     B - +6 ring of dexterity
HPRegen 0.33/turn    t - ring of protection from fire
MPRegen 0.12/turn

%: reflection
@: very slow
A: runic magic, artefact enchanting, hooves 1, cold resistance 1, frail 1
a: Renounce Religion, Bend Time, Temporal Distortion, Slouch


You were on level 8 of the Dungeon.
You worshipped Cheibriados.
Cheibriados was greatly pleased with you.
You visited 2 branches of the dungeon, and saw 9 of its levels.

You collected 815 gold pieces.
You spent 330 gold pieces at shops.

Inventory:

Hand Weapons
 a - a +0 heavy war axe (weapon)
Missiles
 e - a throwing net (quivered)
Armour
 c - a +0 buckler (worn)
 o - a +0 chain mail (worn)
 q - a scarf of invisibility
 r - a +0 pair of gloves (worn)
 s - a +2 pair of boots (worn)
Jewellery
 i - a ring of poison resistance
 k - an amulet of reflection (around neck)
 t - a ring of protection from fire (right hand)
 B - a +6 ring of dexterity (left hand)
Talismans
 y - a maw talisman
Wands
 C - a wand of flame (16)
 D - a wand of polymorph (13)
Scrolls
 b - a scroll of teleportation {unknown}
 d - a scroll of identify
 g - a scroll of silence {unknown}
 j - 2 scrolls of noise {unknown}
 l - a scroll of enchant weapon {unknown}
 m - a scroll of vulnerability {unknown}
 p - a scroll of amnesia {unknown}
 v - 2 scrolls of immolation
 x - a scroll of fear {unknown}
 E - a scroll of enchant armour {unknown}
Potions
 h - a potion of lignification
 n - a potion of invisibility
 u - a potion of brilliance
 z - a potion of attraction
 F - a potion of mutation


   Skills:
 + Level 8.8 Fighting
 + Level 9.2 Axes
 + Level 8.7 Armour
 + Level 8.8 Shields


You had 9 spell levels left.
You didn't know any spells.
Your spell library contained the following spells:

 Spells                   Type           Power      Damage    Failure   Level
 Apportation              Tloc           0%         N/A       30%         1
 Freeze                   Ice            0%         1d3       30%         1
 Necrotise                Necr           0%         1d4       30%         1
 Sting                    Conj/Alch      0%         1d3       30%         1
 Summon Small Mammal      Summ           0%         N/A       30%         1
 Scorch                   Fire           0%         2d5       43%         2
 Frozen Ramparts          Ice            0%         1d1       67%         3
 Hailstorm                Conj/Ice       0%         3d5       67%         3
 Flame Wave               Conj/Fire      0%         2d4       97%         4
 Summon Forest            Summ/Tloc      0%         N/A       100%        5
 Summon Mana Viper        Hex/Summ       0%         N/A       100%        5
 Eringya's Noxious Bog    Alch           0%         4d6       100%        6
 Summon Cactus Giant      Summ           0%         N/A       100%        6
 Summon Hydra             Summ           0%         N/A       100%        7


Dungeon Overview and Level Annotations

Branches:
Dungeon (8/15)             Temple (1/1) D:5            Lair (0/5) D:8

Altars:
Cheibriados
Dithmenos
Elyvilon
Fedhas
Gozag
Hepliaklqana
Kikubaaqudgha
Makhleb
Nemelex Xobeh
Okawaru
Qazlal
Sif Muna
Trog
Uskayaw
Vehumet
Wu Jian
Xom
Yredelemnul
Zin
The Shining One

Shops:
D:4 :   D:6 =


Innate Abilities, Weirdness & Mutations

Your spellcasting is much less encumbered by armour.
You can use scrolls of enchantment on lesser artefacts.
You have large cloven feet.
Your flesh is cold resistant. (rC+)
You are frail. (-10% HP)


Message History

You closely miss the wolf. The wolf bites you.
* * * LOW HITPOINT WARNING * * *
You block the wolf's attack. You block the troll's attack.
The troll claws you but does no damage. The troll claws you.
* * * LOW HITPOINT WARNING * * *
The wolf bites you but does no damage. The troll bites you but does no damage.
The troll claws you but does no damage. x2; The wyvern bites you.
* * * LOW HITPOINT WARNING * * *
It was a potion of mutation.
You feel extremely strange.
Your feet thicken and deform.
You feel resistant to cold.
You feel frail. The wolf bites you but does no damage.
You block the wyvern's attack. You block the troll's attack.
The troll claws you but does no damage. x2
The wolf bites you.
* * * LOW HITPOINT WARNING * * *
It was a potion of magic.
Magic courses through your body. The wyvern bites you!
* * * LOW HITPOINT WARNING * * *
You block the wolf's attack. You block the troll's attack. The troll claws you.
* * * LOW HITPOINT WARNING * * *
The troll claws you.
* * * LOW HITPOINT WARNING * * *
The wyvern bites you but does no damage.
It was a potion of curing.
You feel better. The wolf bites you.
* * * LOW HITPOINT WARNING * * *
You block the wyvern's attack. The wolf bites you but does no damage.
The troll bites you.
* * * LOW HITPOINT WARNING * * *
The troll claws you but does no damage. The troll claws you.
* * * LOW HITPOINT WARNING * * *
It was a potion of cancellation.
Your magical effects are unravelling.
You feel magically purged.
You feel less wooden.
Your +0 pair of gloves unmelds from your body.
Your +2 pair of boots unmelds from your body.
Your +0 chain mail unmelds from your body.
You flicker back into view.
The wyvern bites you.
You die...
Cheibriados appreciates the motionlessness of death.

.~.~≈~...
##...#..#
.~~≈≈~..#
###...###.##
.~≈≈~~..#
##..#####...#
.~~≈~...# ##...#
#...#
..≈≈~...###..###
#...#
.~.~≈~..#..###
#...#
.~.~≈~....##
#...#
....≈≈kTh.##
#...#
>.~.≈≈.@†..#
#...#
...~≈≈††...#
#...#
.~.~~≈~....#
≈~≈≈~......#
≈≈≈≈~......#
≈.~≈~~.....#
~≈.~......##
.~.......##


You could see a troll, a wyvern and a wolf.

Vanquished Creatures
  Maggie (D:7)
  Sigmund (D:6)
  3 wyverns (D:7)
  A water moccasin (D:7)
  An orc warrior (D:7)
  A sky beast (D:7)
  6 black bears
  3 ice beasts
  3 wolves (D:8)
  A phantom (D:7)
  3 kobold brigands
  2 bullfrogs
  Blork the orc (D:6)
  2 gnoll sergeants
  A scorpion (D:5)
  8 wights
  A howler monkey (D:4)
  2 bombardier beetles (D:5)
  6 hounds
  An orc priest (D:6)
  7 jellies
  A sleepcap (D:6)
  An orc wizard (D:5)
  4 iguanas (D:5)
  8 gnolls
  13 adders
  A shadow imp (D:6)
  A white imp (D:5)
  2 ufetubi (D:6)
  3 dart slugs
  2 ribbon worms
  19 orcs
  5 bats (D:1)
  7 endoplasms
  3 giant cockroaches
  5 goblins
  6 hobgoblins
  4 jackals (D:1)
  4 quokkas
  7 ball pythons
  2 frilled lizards (D:3)
  23 kobolds
  3 rats
179 creatures vanquished.

Vanquished Creatures (others)
  A bombardier beetle (D:5)
1 creature vanquished.

Grand Total: 180 creatures vanquished

Notes
Turn   | Place    | Note
-------+----------+-------------------------------------------
     0 | D:1      | retardedninja the Mountain Dwarf Fighter began the quest
                  | for the Orb.
     0 | D:1      | Reached XP level 1. HP: 19/19 MP: 1/1
    37 | D:1      | Reached XP level 2. HP: 8/26 MP: 2/2
   115 | D:1      | Found a faded altar of an unknown god.
   345 | D:1      | Reached skill level 3 in Axes
   460 | D:1      | Reached XP level 3. HP: 33/33 MP: 3/3
  1307 | D:2      | Identified the +0 robe of the Lute {*Corrode Dex+3 Slay+3
                  | Stlth+}
  1314 | D:2      | Reached XP level 4. HP: 40/40 MP: 4/4
  1841 | D:3      | You fall into a shaft and drop 3 floors!
  1862 | D:6      | Found an ancient bone altar of Kikubaaqudgha.
  1937 | D:6      | Noticed a bullfrog
  1940 | D:5      | Entered Level 5 of the Dungeon
  1946 | D:5      | Killed a bullfrog
  1947 | D:5      | Reached skill level 4 in Axes
  1947 | D:5      | Reached XP level 5. HP: 40/47 MP: 5/5
  2070 | D:5      | Found a staircase to the Ecumenical Temple.
  2081 | Temple   | Entered the Ecumenical Temple
  2091 | Temple   | Became a worshipper of Cheibriados the Contemplative
  2402 | D:3      | Found a shimmering blue altar of Sif Muna.
  2452 | D:3      | Reached XP level 6. HP: 53/53 MP: 6/6
  2473 | D:3      | Reached * piety under Cheibriados
  2851 | D:4      | Found Qiuttoh's Book Shoppe.
  3020 | D:4      | Identified the +0 robe of the Gate {Harm}
  3101 | D:4      | Reached skill level 5 in Fighting
  3101 | D:4      | Reached skill level 5 in Armour
  3101 | D:4      | Reached skill level 5 in Shields
  3192 | D:4      | Found a sparkling altar of Nemelex Xobeh.
  3201 | D:4      | Found a hide-covered altar of Uskayaw.
  3344 | D:5      | Found an ornate altar of the Wu Jian Council.
  3764 | D:4      | Reached skill level 5 in Axes
  3776 | D:4      | Reached XP level 7. HP: 60/61 MP: 7/7
  4578 | D:5      | Reached ** piety under Cheibriados
  4586 | D:5      | Reached skill level 6 in Axes
  4586 | D:5      | Reached XP level 8. HP: 55/70 MP: 8/8
  4909 | D:4      | Bought a book of Scorching for 330 gold pieces
  5906 | D:6      | Reached skill level 7 in Axes
  6032 | D:6      | Reached XP level 9. HP: 34/79 MP: 9/9
  6371 | D:6      | Found Doseq's Jewellery Shoppe.
  6374 | D:6      | Noticed Blork the orc
  6382 | D:6      | Killed Blork the orc
  6742 | D:6      | Noticed Sigmund
  6748 | D:6      | Killed Sigmund
  6961 | D:7      | Reached *** piety under Cheibriados
  7006 | D:7      | Identified the +9 quarterstaff of Xashavus {flame, *Noise
                  | rN+ Will+ Int+5}
  7107 | D:7      | Reached skill level 8 in Axes
  7217 | D:7      | Noticed Maggie
  7234 | D:7      | Killed Maggie
  7751 | D:7      | Upgraded the game from 0.32-a0-433-g08bcfe7efd to
                  | 0.32-a0-450-g080537f31e
  7795 | D:8      | Reached skill level 9 in Axes
  7805 | D:8      | Reached XP level 10. HP: 88/90 MP: 10/10
  7878 | D:8      | Found a staircase to the Lair.
  7883 | D:8      | Reached **** piety under Cheibriados
  7892 | D:8      | Gained mutation: You have large cloven feet. [potion of
                  | mutation]
  7892 | D:8      | Gained mutation: Your flesh is cold resistant. (rC+)
                  | [potion of mutation]
  7892 | D:8      | Gained mutation: You are frail. (-10% HP) [potion of
                  | mutation]
  7893 | D:8      | HP: 6/121 [troll (2)]
  7895 | D:8      | Slain by a wyvern

Illustrated notes

Levels and vault maps discovered:
D:1:      lemuel_arrival_behind_the_door_large, layout_loops_cross,
          hellmonk_ecumenical_altar_lost_god, serial_bayou_pond_e
D:2:      layout_loops_ring, minmay_goblin_kobold_house
D:3:      layout_loops_cross, lemuel_blue_sif_altar
D:4:      layout_loops_ring, amethyst_overflow_temple_binary, serial_shops,
          nicolae_shop_real_fake_doors
D:5:      minmay_polygon_palace, layout_basic, nicolae_wu_jian_wuxing_cycle,
          temple_green
D:6:      layout_basic, nicolae_overflow_crystal_walls,
          minmay_shop_enchanted_jewellery, uniq_blork_the_orc, uniq_sigmund
D:7:      layout_loops_ring, enter_ossuary_3, uniq_maggie
D:8:      layout_cave_pods, grunt_ashenzari_visionary
          [grunt_ashenzari_visionary_swamp, grunt_ashenzari_visionary_snake],
          erik_lair_island, enter_bailey_6
Temple:   nicolae_temple_bog_church

Skill      XL: |  1  2  3  4  5  6  7  8  9 |
---------------+----------------------------+-----
Axes           | 3 4 5 6 7 9 |  9.2
Fighting       | 4 5 6 7 8 |  8.8
Shields        | 4 5 6 7 8 |  8.8
Armour         | 4 5 6 7 8 |  8.7

Action                     |  1- 3 |  4- 6 |  7- 9 | 10-12 || total
---------------------------+-------+-------+-------+-------++-------
  Melee: War axe           |   110 |   143 |   235 |    13 ||   501
    Use: Potion            |       |       |     6 |     6 ||    12
         Scroll            |       |       |     6 |       ||     6
   Stab: Invisible         |       |       |       |     1 ||     1
 Armour: Scale mail        |    64 |       |       |       ||    64
         Chain mail        |     7 |   140 |   186 |    20 ||   353
         Skin              |       |       |    28 |    78 ||   106
  Dodge: Dodged            |    48 |    51 |    89 |    14 ||   202
  Block: Buckler           |    50 |   101 |   172 |    28 ||   351
         Reflection        |     1 |     1 |     2 |       ||     4

Table legend: (Time is in decaauts)
 A = Elapsed time spent in this place.
 B = Non-inter-level travel time spent in this place.
 C = Inter-level travel time spent in this place.
 D = Time resting spent in this place.
 E = Time spent auto-exploring this place.
 F = Levels seen in this place.
 G = Mean time per level.
                   A        B        C        D        E       F      G
               +--------+--------+--------+--------+--------+-----+--------+
         Total |   9684 |   9034 |    650 |   1200 |   6294 |   9 | 1076.0 |
       Dungeon |   9661 |   9032 |    629 |   1200 |   6294 |   8 | 1207.6 |
        Temple |     23 |      3 |     20 |      0 |      0 |   1 |   23.0 |
               +--------+--------+--------+--------+--------+-----+--------+

Top non-repeatable levels by time:
     D:5: 2631 daAuts
     D:6: 1612 daAuts
     D:4: 1503 daAuts
     D:7: 1177 daAuts
     D:3: 942 daAuts
     D:2: 822 daAuts
     D:1: 781 daAuts
     D:8: 191 daAuts
  Temple: 23 daAuts
